AoeStats
← PUNISHER

Arena

507812862Analyzed
1v1 RM · 13d ago on Sep 19, 2026· 68m 14s· 2 players
Game mode
Random Map
Map size
Tiny (2 player)
Population
200
Speed
Normal
Resources
Standard
Victory
Conquest
Starting age
Dark Age
Ending age
Imperial Age
RankedLock teamsTeams togetherTeam positionsShared explorationLock speedFull tech treeHidden civsTurbo modeCheats
Victory
Defeat
🇹🇷 Vietnamese · Türkiye
846
+17
🇨🇴 Mongols · Colombia
878
-17
Dcristo
12:08 Feudal Age
12:57 Horse Collar
13:46 Double-Bit Axe
18:43 Castle Age
17:42 Gold Mining
20:10 Bloodlines
20:01 Husbandry
20:06 Padded Archer Armor
19:56 Fletching
21:08 Bow Saw
24:26 Fortified Wall
26:17 Leather Archer Armor
25:58 Bodkin Arrow
28:27 Masonry
31:18 Herbal Medicine
35:57 Wheelbarrow
39:36 Hand Cart
40:26 Light Cavalry
45:34 Imperial Age
47:03 Light Cavalry
47:39 Elite Mangudai
50:24 Elite Skirmisher
54:06 Ballistics
67:02 Chemistry
67:09 Parthian Tactics
PUNISHER
5:03 Loom
11:40 Feudal Age
12:09 Town Watch
12:14 Double-Bit Axe
17:21 Castle Age
15:41 Stone Mining
16:15 Town Watch
16:53 Gold Mining
17:09 Fletching
18:19 Bow Saw
19:24 Padded Archer Armor
21:25 Forging
23:56 Chatras
26:06 Wheelbarrow
26:25 Bodkin Arrow
28:04 Leather Archer Armor
30:05 Town Patrol
30:44 Hand Cart
31:18 Horse Collar
36:20 Imperial Age
34:03 Murder Holes
33:49 Treadmill Crane
36:44 Ballistics
36:03 Elite Skirmisher
37:26 Paper Money
39:10 Chemistry
38:37 Thumb Ring
38:25 Imperial Skirmisher
40:15 Two-Man Saw
40:10 Squires
41:17 Stone Shaft Mining
41:37 Hoardings
43:48 Arson
45:20 Siege Engineers
46:38 Bracer
47:09 Ring Archer Armor
48:57 Heated Shot
51:05 Fortified Wall
52:59 Husbandry
53:10 Bloodlines
54:57 Elite Fire Lancer
56:08 Pikeman
56:53 Scale Mail Armor
57:28 Iron Casting
58:01 Halberdier
67:52 Elite Battle Elephant
Connection lost

Rejoining the realm…

Still unreachable

The connection could not be restored.

Session expired

The server has moved on; the page needs a fresh start.